 Dungeon Crawl Stone Soup version 0.16.2-3-ga078185 (webtiles) character file.

134 Genodice the Conjurer (level 4, 0/24 HPs)
             Began as a Deep Elf Conjurer on Sept 9, 2015.
             Slain by Pikel
             ... wielding a +1 whip of electrocution
              (3 damage)
             ... on level 4 of the Dungeon.
             The game lasted 00:18:14 (3682 turns).

Genodice the Conjurer (Deep Elf Conjurer)           Turns: 3682, Time: 00:18:16

Health: 0/24       AC:  4    Str:  5    XL:     4   Next: 95%
Magic:  2/13       EV: 13    Int: 21    God:
Gold:   167        SH:  0    Dex: 15    Spells: 3 memorised, 2 levels left

rFire  . . .     SeeInvis .     p - +1 short sword (drain)
rCold  . . .     Clarity  .     a - +0 robe
rNeg   . . .     SustAb   .     (no shield)
rPois  .         Gourm    .     s - +0 helmet
rElec  .         Spirit   .     (no cloak)
rCorr  .         Warding  .     q - +0 pair of gloves
rMut   .         Stasis   .     (no boots)
MR     .....                    (no amulet)
Stlth  ++........               (no ring)
                                (no ring)

@: not resistant to hostile enchantments, unstealthy
A: no striking features
a: no special abilities


You were on level 4 of the Dungeon.
You were hungry.

You visited 1 branch of the dungeon, and saw 3 of its levels.

You collected 167 gold pieces.

Inventory:

Hand weapons
 h - a +0 whip
 p - a +1 short sword of draining (weapon)
Armour
 a - a +0 robe (worn)
 q - a +0 pair of gloves (worn)
 s - a +0 helmet (worn)
Jewellery
 f - a cursed -2 ring of evasion
Scrolls
 d - 3 scrolls of identify
 e - a scroll of blinking {unknown}
 k - a scroll of remove curse {unknown}
 r - a scroll of teleportation {unknown}
 t - 2 scrolls of enchant weapon {unknown}
 u - a scroll of random uselessness {unknown}
Potions
 g - a potion of curing {unknown}
 l - 2 potions of might {unknown}
 m - a potion of poison {unknown}
 n - a potion of magic {unknown}
 v - a potion of berserk rage {unknown}
Books
 c - a book of Conjurations

   Spells                             Type                      Level
   a - Magic Dart                     Conjuration                  1
   b - Searing Ray                    Conjuration                  2
   c - Dazzling Spray                 Conjuration/Hexes            3
   d - Fulminant Prism                Conjuration/Hexes            4
   e - Iskenderun's Mystic Blast      Conjuration                  4
   f - Iskenderun's Battlesphere      Conjuration/Charms           5
 o - a book of Flames

   Spells                             Type                      Level
   a - Flame Tongue                   Conjuration/Fire             1
   b - Throw Flame                    Conjuration/Fire             2
   c - Conjure Flame                  Conjuration/Fire             3
   d - Inner Flame                    Hexes/Fire                   3
   e - Sticky Flame                   Conjuration/Fire             4
   f - Fireball                       Conjuration/Fire             5
Comestibles
 b - 2 bread rations
 i - 3 beef jerkies
 j - a meat ration
 w - 3 chunks of flesh


   Skills:
 - Level 2.4 Dodging
 - Level 2.4 Stealth
 - Level 3.0 Spellcasting
 + Level 6.9 Conjurations


You had 2 spell levels left.
You knew the following spells:

 Your Spells              Type           Power        Failure   Level  Hunger
a - Magic Dart            Conj           ####         1%          1    None
b - Searing Ray           Conj           ####..       1%          2    ##.....
c - Iskenderun's Mystic   Conj           ####....     10%         4    ####...


Dungeon Overview and Level Annotations

Branches:
Dungeon (4/15)
 Temple: D:4-7

Altars:
Ru

Annotations:
D:4 Pikel, Sigmund


Message History

Pikel is lightly wounded.
You are feeling hungry.
The slave moves out of view.
Casting: Iskenderun's Mystic Blast
Confirm with . or Enter, or press ? or * to list all spells.
Aiming: Iskenderun's Mystic Blast
Press: ? - help, Shift-Dir - straight line, f/p - slave
Aim: a slave, wearing an animal skin (heavily wounded)
The orb of energy hits the slave.
The slave is almost dead.
The orb of energy explodes!
The mystic blast hits Pikel.
Pikel is heavily wounded.
There is an open door here.
You open the door.
Pikel hits you with a whip of electrocution!
You are electrocuted!
Ouch! That really hurt!
* * * LOW HITPOINT WARNING * * *
Pikel hits you with a whip of electrocution.
You die...

....#..##....##..+.....#
....'..#......'..#.....#
....#..'......#..#.....#
....#..#......#..#.....+
......####+####..#.....#
######......###..#.....#
#.....)'....#.....###
#......#....'.........
#......#...@#.........
#####.###'##...K#...pp....
#.........##....#..K...pp..
#.........#####p##%###
#....#....##.........#
#....#....##.........#
#....'.....#.........#
#....#.....#.........#
#....#.....'...#######


You could see Pikel and a slave.

Vanquished Creatures
  An orc wizard (D:4)
  2 adders
  2 worms (D:2)
  2 giant geckos (D:2)
  An ooze (D:1)
  A ball python (D:4)
  7 bats
  10 hobgoblins
  9 jackals (D:2)
  2 quokkas (D:2)
  2 giant cockroaches
  4 giant newts
  10 goblins
  9 kobolds
  8 rats
70 creatures vanquished.

Notes
Turn   | Place    | Note
--------------------------------------------------------------
     0 | D:1      | Genodice, the Deep Elf Conjurer, began the quest for the Orb.
     0 | D:1      | Reached XP level 1. HP: 10/10 MP: 5/5
   449 | D:1      | Reached XP level 2. HP: 15/15 MP: 4/8
   455 | D:1      | Learned a level 2 spell: Searing Ray
   486 | D:1      | Reached skill level 5 in Conjurations
  1343 | D:2      | Reached XP level 3. HP: 17/19 MP: 7/10
  2209 | D:2      | Reached skill level 6 in Conjurations
  2413 | D:2      | Reached XP level 4. HP: 24/24 MP: 2/13
  2936 | D:2      | You fall through a shaft!
  3089 | D:4      | Noticed Sigmund
  3100 | D:4      | Found a sacrificial altar of Ru.
  3603 | D:4      | Learned a level 4 spell: Iskenderun's Mystic Blast
  3671 | D:4      | Noticed Pikel
  3671 | D:4      | Noticed a slave
  3672 | D:4      | Noticed a slave
  3672 | D:4      | Noticed a slave
  3674 | D:4      | Noticed a slave
  3682 | D:4      | Slain by Pikel

Action                   |  1- 3 |  4- 6 || total
-------------------------+-------+-------++-------
Melee: Whip              |     2 |       ||     2
       Short sword       |     9 |     5 ||    14
 Cast: Magic Dart        |    70 |    34 ||   104
       Searing Ray       |    15 |     8 ||    23
       Iskenderun's Myst |       |     3 ||     3
  Use: Scroll            |       |     1 ||     1
  Eat: Chunk             |     1 |     3 ||     4
       Meat ration       |     1 |       ||     1
